 Dungeon Crawl Stone Soup version 0.29.0-15-g675c0067aa (webtiles) character file.

Game seed: 265660210225120024

935 qw the Cleaver (level 7, -1/63 HPs)
             Began as a Minotaur Berserker on Sept 12, 2022.
             Was a Priest of Trog.
             Shot with an arrow by a centaur (6 damage)
             ... on level 6 of the Dungeon.
             The game lasted 00:01:44 (5163 turns).

qw the Cleaver (Minotaur Berserker)                 Turns: 5163, Time: 00:01:44

Health: -1/63      AC: 10    Str: 20    XL:     7   Next: 87%
Magic:  6/6        EV:  8    Int:  7    God:    Trog [***...]
Gold:   27         SH:  0    Dex: 12    Spells: 6/6 levels left

rFire   . . .      SeeInvis .   Y - +0 war axe
rCold   . . .      Faith    .   (no shield)
rNeg    . . .      Spirit   .   c - +0 chain mail
rPois   .          Reflect  .   (helmet restricted)
rElec   .          Harm     .   b - +0 cloak
rCorr   .          Rampage  .   (no gloves)
Will    .....                   (no boots)
Stlth   ..........              (no amulet)
HPRegen 0.20/turn               (no ring)
MPRegen 0.10/turn               (no ring)

@: about to teleport
A: horns 2, retaliatory headbutt, fangs 1, agile 1, clever 1, weak 1
a: Renounce Religion, Berserk, Trog's Hand


You were on level 6 of the Dungeon.
You worshipped Trog.
Trog was most pleased with you.
You visited 1 branch of the dungeon, and saw 6 of its levels.

You collected 227 gold pieces.
You spent 200 gold pieces at shops.


Innate Abilities, Weirdness & Mutations

You have a pair of horns on your head.
You reflexively headbutt those who attack you in melee.
You have very sharp teeth.
You are agile. (Dex +4, Str/Int -1)
Your mind is acute. (Int +4, Str/Dex -1)
You are weak. (Str -2)


   Skills:
 - Level 6.1 Fighting
 - Level 10.0 Axes
 - Level 1.0 Throwing
 + Level 3.1 Armour
 - Level 2.1 Dodging


You had 6 spell levels left.
You didn't know any spells.
Your spell library was empty.

Inventory:

Hand Weapons
 l - a +0 morningstar
 Y - a +0 war axe (weapon)
Missiles
 m - 2 boomerangs (quivered)
Armour
 b - a +0 cloak (worn)
 c - a +0 chain mail (worn)
Scrolls
 h - a scroll of identify
 q - a scroll of teleportation
Potions
 a - a potion of resistance
 d - a potion of cancellation
 e - 2 potions of might
 g - 2 potions of mutation
 i - 2 potions of haste
 j - 2 potions of curing
 k - 2 potions of heal wounds

Dungeon Overview and Level Annotations

Branches:
Dungeon (6/15)
 Temple: D:4-7

Altars:
Cheibriados
Gozag
Hepliaklqana
Kikubaaqudgha
Trog

Shops:
D:5 !

Annotations:
D:5 2 runed translucent doors, qw's ghost, weakling GrDe


Message History

A gnoll comes into view. It is wielding a +0 flail.
The gnoll shouts!
A gnoll comes into view. It is wielding a +1 spear of flaming.
A gnoll comes into view. It is wielding a +0 halberd.
There is an open door here.
5156 ||| Stepping ~*~*~tactically~*~*~ (stealth).
A centaur and a gnoll come into view.
The centaur shouts!
The gnoll shouts!
The centaur wields a +0 shortbow.
The centaur shoots an arrow.
The arrow hits you!
A gnoll sergeant comes into view. It is wielding a +0 trident.
There is an open door, spattered with blood here.
The gnoll sergeant shouts!
The gnoll shouts!
The centaur shoots an arrow.
The arrow hits you. The gnoll barely misses you.
The gnoll hits you but does no damage.
The centaur shoots an arrow.
The arrow hits you!
You closely miss the gnoll. You bite the gnoll, but do no damage.
The gnoll barely misses you. You furiously retaliate!
You headbutt the gnoll! The gnoll hits you but does no damage.
The centaur shoots an arrow.
The arrow hits you.
You hit the gnoll but do no damage. Your headbutt misses the gnoll.
You bite the gnoll, but do no damage.
The gnoll is almost dead.
The centaur shoots an arrow.
The arrow hits you. The gnoll closely misses you.
The gnoll hits you but does no damage. The gnoll closely misses you.
The centaur shoots an arrow.
The arrow barely misses you.
You slash the gnoll!
You kill the gnoll!
Trog accepts your kill.
The gnoll hits you from afar with a +0 spear.
The gnoll sergeant hits you from afar with a +0 trident!
The gnoll hits you from afar with a +0 halberd!
5163 ||| READING 2 scrolls of teleportation.
As you read the scroll of teleportation, it crumbles to dust.
You feel strangely unstable.
The centaur shoots an arrow.
The arrow closely misses you. The gnoll barely misses you.
The gnoll sergeant barely misses you. The gnoll completely misses you.
The centaur shoots an arrow.
The arrow hits you.
You die...

########## . ...c.....#
.. .........#####...
........<........ ###+#
...........g..... ...+
...........g..... ##..#
.........@)g.....
.#..##########'#..g.....
.#..##.........#........
.#.............#........
.#.............#........
.#.............#........
.#..########..##........
.#'##.... #..########..
.......... #..+


You could see a gnoll sergeant, a centaur and 3 gnolls.

Vanquished Creatures
  A troll (D:5)
  A steam dragon (D:4)
  An ogre (D:4)
  A scorpion (D:5)
  A hound (D:5)
  A jelly (D:6)
  2 orc priests (D:5)
  A gnoll bouda (D:5)
  An iguana (D:4)
  An orc wizard (D:5)
  10 gnolls
  4 adders
  4 worms
  2 dart slugs
  12 orcs
  11 ball pythons
  9 endoplasms
  5 giant cockroaches
  10 hobgoblins
  2 jackals (D:3)
  A quokka (D:4)
  4 bats
  6 frilled lizards
  8 goblins
  8 kobolds
  3 rats
110 creatures vanquished.

Notes
Turn   | Place    | Note
-------+----------+-------------------------------------------
     0 | D:1      | qw the Minotaur Berserker began the quest for the Orb.
     0 | D:1      | Reached XP level 1. HP: 19/19 MP: 0/0
     0 | D:1      | 0 ||| qw: Version: 0.1-a-119-g272c26d
     0 | D:1      | 0 ||| qw: Game counter: 10905
     0 | D:1      | 0 ||| qw: Always use a shield: true
     0 | D:1      | 0 ||| qw: Do Orc after D:15 true
     0 | D:1      | 0 ||| qw: Do second Lair branch before Depths: true
     0 | D:1      | 0 ||| qw: Lair rune preference: random
     0 | D:1      | 0 ||| qw: Plans: Normal
     0 | D:1      | 0 ||| PLANNING D:1-11
    84 | D:1      | 84 ||| Stepping ~*~*~tactically~*~*~ (stealth).
    89 | D:1      | 89 ||| Stepping ~*~*~tactically~*~*~ (stealth).
    97 | D:1      | 97 ||| Stepping ~*~*~tactically~*~*~ (stealth).
   149 | D:1      | Reached skill level 4 in Axes
   150 | D:1      | 150 ||| Stepping ~*~*~tactically~*~*~ (stealth).
   151 | D:1      | 151 ||| Stepping ~*~*~tactically~*~*~ (stealth).
   152 | D:1      | 152 ||| Stepping ~*~*~tactically~*~*~ (stealth).
   153 | D:1      | 153 ||| Stepping ~*~*~tactically~*~*~ (stealth).
   158 | D:1      | 158 ||| Stepping ~*~*~tactically~*~*~ (stealth).
   159 | D:1      | 159 ||| Stepping ~*~*~tactically~*~*~ (stealth).
   313 | D:1      | Reached XP level 2. HP: 26/26 MP: 1/1
   578 | D:1      | 578 ||| Stepping ~*~*~tactically~*~*~ (stealth).
   580 | D:1      | 580 ||| Stepping ~*~*~tactically~*~*~ (stealth).
   581 | D:1      | 581 ||| Stepping ~*~*~tactically~*~*~ (stealth).
   674 | D:1      | 674 ||| Stepping ~*~*~tactically~*~*~ (stealth).
   690 | D:1      | 690 ||| Stepping ~*~*~tactically~*~*~ (stealth).
   691 | D:1      | 691 ||| Stepping ~*~*~tactically~*~*~ (stealth).
   724 | D:1      | 724 ||| Stepping ~*~*~tactically~*~*~ (stealth).
   728 | D:1      | Reached ** piety under Trog
   729 | D:1      | Reached skill level 5 in Axes
   862 | D:1      | Reached XP level 3. HP: 31/31 MP: 2/2
   916 | D:1      | 916 ||| Stepping ~*~*~tactically~*~*~ (stealth).
   917 | D:1      | 917 ||| Stepping ~*~*~tactically~*~*~ (stealth).
   926 | D:1      | 926 ||| Stepping ~*~*~tactically~*~*~ (stealth).
   929 | D:1      | 929 ||| Stepping ~*~*~tactically~*~*~ (stealth).
  1212 | D:1      | Found a faded altar of an unknown god.
  1348 | D:1      | 1348 ||| UPGRADING to +0 ring mail.
  1358 | D:1      | 1358 ||| DROPPING +0 animal skin.
  1359 | D:1      | 1359 ||| READING scroll labelled BOEVVU JIENE.
  1360 | D:1      | 1360 ||| READING scroll labelled KEHOPS IBBUMU.
  1361 | D:1      | 1361 ||| READING scroll labelled DUVVOH IPNEI.
  1706 | D:2      | 1706 ||| INVOKING Berserk.
  1715 | D:2      | HP: 8/46 [gnoll/+0 halberd (9)]
  1717 | D:2      | Reached skill level 6 in Axes
  1717 | D:2      | Reached XP level 4. HP: 10/39 MP: 3/3
  1778 | D:2      | 1778 ||| INVOKING Berserk.
  1972 | D:2      | 1972 ||| DROPPING +0 club.
  2085 | D:2      | 2085 ||| Stepping ~*~*~tactically~*~*~ (stealth).
  2223 | D:2      | 2223 ||| READING 2 scrolls labelled WYSSIFF XEICVA.
  2224 | D:2      | 2224 ||| READING scroll labelled QOFOMA MISUAVIC.
  2228 | D:2      | 2228 ||| DRINKING 2 metallic ruby potions.
  2229 | D:2      | 2229 ||| DRINKING 2 glowing green potions.
  2230 | D:2      | 2230 ||| DROPPING scroll of magic mapping.
  2237 | D:3      | 2237 ||| STAIRDANCE
  2273 | D:2      | 2273 ||| UPGRADING to +0 chain mail.
  2283 | D:2      | 2283 ||| DROPPING +0 ring mail.
  2287 | D:3      | 2287 ||| STAIRDANCE
  2326 | D:3      | 2326 ||| STAIRDANCE
  2330 | D:3      | 2330 ||| STAIRDANCE
  2363 | D:2      | 2363 ||| SWAPPING to +0 war axe.
  2364 | D:2      | 2364 ||| DROPPING +0 hand axe.
  2421 | D:3      | 2421 ||| DROPPING +0 flail.
  2456 | D:3      | 2456 ||| Stepping ~*~*~tactically~*~*~ (stealth).
  2488 | D:3      | Found a snail-covered altar of Cheibriados.
  2495 | D:3      | 2495 ||| Stepping ~*~*~tactically~*~*~ (stealth).
  2674 | D:3      | 2674 ||| Stepping ~*~*~tactically~*~*~ (stealth).
  2675 | D:3      | 2675 ||| Stepping ~*~*~tactically~*~*~ (stealth).
  2676 | D:3      | 2676 ||| Stepping ~*~*~tactically~*~*~ (stealth).
  2748 | D:3      | Reached XP level 5. HP: 45/45 MP: 4/4
  2768 | D:3      | Reached skill level 7 in Axes
  2814 | D:3      | Found an ancient bone altar of Kikubaaqudgha.
  2859 | D:3      | Found a hazy altar of Hepliaklqana.
  2931 | D:3      | Found an opulent altar of Gozag.
  3007 | D:3      | You fall into a shaft and drop 2 floors!
  3007 | D:5      | Entered Level 5 of the Dungeon
  3015 | D:5      | Found a runed translucent door.
  3021 | D:5      | 3021 ||| UPGRADING to +0 cloak.
  3026 | D:5      | 3026 ||| DRINKING 3 lumpy coppery potions.
  3026 | D:5      | Gained mutation: Your mind is acute. (Int +4, Str/Dex -1)
                  | [potion of mutation]
  3026 | D:5      | Gained mutation: You have very sharp teeth. [potion of
                  | mutation]
  3026 | D:5      | Gained mutation: You are weak. (Str -2) [potion of
                  | mutation]
  3026 | D:5      | Gained mutation: You are agile. (Dex +4, Str/Int -1)
                  | [potion of mutation]
  3027 | D:5      | 3027 ||| DRINKING 3 metallic brown potions.
  3028 | D:5      | 3028 ||| DRINKING 2 viscous ruby potions.
  3029 | D:5      | 3029 ||| DROPPING potion of attraction.
  3081 | D:4      | Reached *** piety under Trog
  3109 | D:4      | 3109 ||| Stepping ~*~*~tactically~*~*~ (hiding).
  3139 | D:4      | Noticed a steam dragon
  3140 | D:4      | 3140 ||| Stepping ~*~*~tactically~*~*~ (hiding).
  3143 | D:4      | 3143 ||| INVOKING Berserk.
  3145 | D:4      | Killed a steam dragon
  3146 | D:4      | Reached skill level 8 in Axes
  3146 | D:4      | Reached XP level 6. HP: 52/52 MP: 5/5
  3246 | D:3      | 3246 ||| Stepping ~*~*~tactically~*~*~ (hiding).
  3416 | D:4      | 3416 ||| INVOKING Berserk.
  3420 | D:4      | Reached skill level 3 in Armour
  3759 | D:4      | 3759 ||| Stepping ~*~*~tactically~*~*~ (stealth).
  3878 | D:4      | Found a bloodstained altar of Trog.
  4139 | D:4      | 4139 ||| READING scroll labelled IGREDGH EMMU.
  4240 | D:4      | 4240 ||| DRINKING 3 purple potions.
  4241 | D:4      | 4241 ||| DRINKING 2 fizzy cyan potions.
  4242 | D:4      | 4242 ||| READING 2 scrolls of identify.
  4242 | D:4      | 4242 ||| IDENTIFYING metallic purple potion
  4243 | D:4      | 4243 ||| DROPPING potion of flight.
  4258 | D:5      | Noticed a troll
  4258 | D:5      | Found a runed translucent door.
  4259 | D:5      | 4259 ||| INVOKING Berserk.
  4263 | D:5      | Killed a troll
  4264 | D:5      | Reached skill level 9 in Axes
  4264 | D:5      | Reached XP level 7. HP: 25/59 MP: 6/6
  4264 | D:5      | 4264 ||| STAIRDANCE
  4489 | D:5      | Noticed qw's ghost (weakling GrDe)
  4614 | D:5      | 4614 ||| Stepping ~*~*~tactically~*~*~ (hiding).
  4618 | D:5      | 4618 ||| INVOKING Berserk.
  4826 | D:5      | Found Ijetepny's Distillery.
  4829 | D:5      | 4829 ||| BUYING 2 potions of haste (200 gold).
  4829 | D:5      | Bought 2 potions of haste for 200 gold pieces
  4829 | D:5      | 4829 ||| SHOPLISTING potion of heal wounds (50 gold, have
                  | 23).
  4829 | D:5      | 4829 ||| SHOPLISTING potion of mutation (80 gold, have 23).
  4859 | D:5      | 4859 ||| INVOKING Berserk.
  4862 | D:5      | Reached skill level 10 in Axes
  4865 | D:5      | Reached skill level 1 in Throwing
  4873 | D:5      | HP: 15/61 [poisoned by a gnoll]
  4875 | D:5      | 4875 ||| DRINKING 3 potions of heal wounds.
  5103 | D:5      | 5103 ||| READING scroll labelled IBOQUVU TOKIHU.
  5104 | D:5      | 5104 ||| READING 3 scrolls of identify.
  5104 | D:5      | 5104 ||| IDENTIFYING green potion
  5105 | D:5      | 5105 ||| READING 2 scrolls of identify.
  5105 | D:5      | 5105 ||| IDENTIFYING fuming dark potion
  5106 | D:5      | 5106 ||| DROPPING potion of degeneration.
  5107 | D:5      | 5107 ||| DROPPING potion of lignification.
  5139 | D:6      | Reached skill level 6 in Fighting
  5156 | D:6      | 5156 ||| Stepping ~*~*~tactically~*~*~ (stealth).
  5162 | D:6      | HP: 5/63 [gnoll/+0 halberd[a gnoll sergeant] (11)]
  5163 | D:6      | 5163 ||| READING 2 scrolls of teleportation.
  5163 | D:6      | Shot with an arrow by a centaur

Levels and vault maps discovered:
D:1:      minmay_arrival_four_loops, layout_basic,
          shapermc_ecumenical_altar_mp_ritualfount
D:2:      layout_rooms, uniq_crazy_yiuf_cottage
D:3:      layout_rooms, kiku_gazebo_pond_becter,
          mainiacjoe_overflow_small_starburst, nicolae_overflow_crystal_walls,
          mainiacjoe_overflow_surrounded_room, minmay_misc_feat_nine_boxes
D:4:      layout_loops_ring, amcnicky_altar_gilded, minmay_misc_feat_square
D:5:      layout_rooms, serial_shops, nicolae_shop_behind_doors,
          ebering_ghost_sewer_f, solitary_fountain
D:6:      layout_gridville, old_standard_altar, nemelex_diamond_rough_becter,
          minmay_temple_entry_trees

Skill      XL: |  1  2  3  4  5  6  7 |
---------------+----------------------+-----
Axes           | 4 5 6 8 9 10 | 10.0
Fighting       | 4 6 |  6.1
Armour         | 3 |  3.1
Throwing       | 1 |  1.0
Dodging        | |  2.1

Action                   |  1- 3 |  4- 6 |  7- 9 || total
-------------------------+-------+-------+-------++-------
Melee: Hand axe          |    87 |    27 |       ||   114
       Headbutt          |    13 |    18 |     4 ||    35
       War axe           |       |    84 |    44 ||   128
       Bite              |       |     5 |     8 ||    13
       Punch             |       |       |     2 ||     2
Throw: Boomerang         |       |    16 |    15 ||    31
Invok: Berserk           |     1 |     4 |     2 ||     7
  Use: Scroll            |     3 |     4 |     4 ||    11
       Potion            |       |     7 |     1 ||     8
Armor: Animal skin       |     8 |       |       ||     8
       Ring mail         |     7 |     2 |       ||     9
       Chain mail        |       |    50 |    29 ||    79
Dodge: Dodged            |    44 |    36 |    28 ||   108

Table legend:
 A = Non-vault XP
 B = Vault XP
 C = Vault XP percentage of total XP
 D = Non-vault monster count
 E = Vault monster count
 F = Vault count percentage of total count
                 A         B        C        D         E       F
            +---------+---------+-------+---------+---------+-------
      Total |    1337 |       0 |   0.0 |     110 |       0 |   0.0
            +---------+---------+-------+---------+---------+-------
        D:1 |      46 |       0 |   0.0 |      30 |       0 |   0.0
        D:2 |     106 |       0 |   0.0 |      27 |       0 |   0.0
        D:3 |      57 |       0 |   0.0 |      18 |       0 |   0.0
        D:4 |     374 |       0 |   0.0 |      14 |       0 |   0.0
        D:5 |     698 |       0 |   0.0 |      19 |       0 |   0.0
        D:6 |      56 |       0 |   0.0 |       2 |       0 |   0.0
            +---------+---------+-------+---------+---------+-------
